 Dungeon Sprint DCSS version 0.19-a0-82-gd3566c2 (webtiles) character file.

3178 Kidiri the Grappler (level 9, -5/97 HPs)
             Began as a Troll Monk on May 15, 2016.
             Was the Champion of Qazlal.
             Killed from afar by an efreet (13 damage)
             ... with a fireball
             ... in the Dungeon (Sprint VII: "The Pits").
             The game lasted 00:06:33 (789 turns).

Kidiri the Grappler (Troll Monk)                     Turns: 789, Time: 00:06:34

Health: -5/97      AC:  5    Str: 27      XL:     9   Next: 63%
Magic:  2/14       EV: 14    Int:  5 (9)  God:    Qazlal [******]
Gold:   0          SH:  8    Dex: 12      Spells: 0 memorised, 8 levels left

rFire  + . .     SeeInvis .       - Unarmed
rCold  . . .     Gourm    +     a - +0 robe
rNeg   . . .     Faith    .     (no shield)
rPois  .         Spirit   .     (helmet restricted)
rElec  .         Dismiss  .     (no cloak)
rCorr  .         Reflect  .     (gloves unavailable)
SustAt .         Harm     .     (boots unavailable)
MR     .....     NoTele   +     (no amulet)
Stlth  +.........               s - +3 ring of intelligence
                                r - +3 ring of strength

@: protected from fire, very slightly contaminated, repel missiles, not
resistant to hostile enchantments, very unstealthy
A: unfitting armour, claws 3, fast metabolism 3, gourmand, regeneration 2,
shaggy fur 1, tough skin 2
a: Upheaval, Elemental Force, Disaster Area, Renounce Religion


You were in the Dungeon.
You worshipped Qazlal.
Qazlal was exalted by your worship.
You were very full.

You visited 1 branch

Inventory:

Hand Weapons
 q - a +0 giant club
Missiles
 p - 4 tomahawks (quivered)
Armour
 a - a +0 robe (worn)
Jewellery
 r - a +3 ring of strength (left claw)
 s - a +3 ring of intelligence (right claw)
Scrolls
 l - 3 scrolls of remove curse
 m - 5 scrolls of amnesia
 n - a scroll of summoning
Potions
 c - 7 potions of curing
 d - 2 potions of heal wounds
 e - 2 potions of haste
 f - 4 potions of magic
 g - 3 potions of berserk rage
 k - 2 potions of invisibility
 t - a potion of agility
 u - 3 potions of might
 v - a potion of brilliance
Comestibles
 b - 9 bread rations
 i - 40 fruits
 j - 7 meat rations
 o - 2 chunks of flesh


   Skills:
 * Level 8.9 Fighting
 + Level 3.7 Maces & Flails
 + Level 5.8 Throwing
 + Level 5.8 Armour
 * Level 8.9 Dodging
 - Level 1.1 Stealth
 * Level 10.8 Unarmed Combat
 * Level 9.2 Invocations


You had 8 spell levels left.
You didn't know any spells.

Dungeon Overview and Level Annotations

Branches:
Dungeon (1/1)

Altars:
Ashenzari
Cheibriados
Dithmenos
Elyvilon
Fedhas
Gozag
Kikubaaqudgha
Makhleb
Nemelex Xobeh
Okawaru
Pakellas
Qazlal
Ru
Sif Muna
Trog
Vehumet
Xom
Yredelemnul
Zin
The Shining One
Beogh
Jiyva
Lugonu


Innate Abilities, Weirdness & Mutations

You are too large for most types of armour.
You have claws for hands.
Your metabolism is lightning-fast.
You like to eat raw meat.
You heal very quickly.
You are covered in fur (AC +1).
You have very tough skin (AC +2).


Message History

The fire crab bites you.
* * * LOW HITPOINT WARNING * * *
You are engulfed in flames.
You resist.
You feel more protected from fire.
* * * LOW HITPOINT WARNING * * *
The fire crab claws you.
* * * LOW HITPOINT WARNING * * *
You are engulfed in flames!
You resist.
You feel more protected from fire.
* * * LOW HITPOINT WARNING * * *
A phantom comes into view.
Unknown command.
Read which item? (? for menu, Esc to quit)
Blink to where?
Press: ? - help, Dir - move target cursor, p - fire crab You are very lightly contaminated with residual magic.
As you read the scroll of blinking, it crumbles to dust.
The efreet gestures at you.
The fireball explodes!
The fireball engulfs you! You resist.
You die...

############ #______§___#
#__________#
#_#####+##############++######
#_#)))+.+..##................#
#_#)))#.#?(##.....§#..#......#
#######+#####..§§§...........+
#.....))....+§...............+
#+#####+#####§.@§..#..#......#
#.#..#))#..##...§§...R.......#
#.#..+..+..#####+#####t'######
#.##+####+###.......##§§###
#.#.§......##.......##)§).#
#.#........##.......##†R)##
#.#####+#####...<...##t§##
#.#...)§)[.##.......##§o#
#(#...))§[.##.......##.YW


You could see a fire crab and an efreet.

Vanquished Creatures
  A deep troll (D)
  A spiny frog (D)
  A rime drake (D)
  A guardian mummy (D)
  A giant leech (D)
  A wyvern (D)
  A flying skull (D)
  A neqoxec (D)
  A steam dragon (D)
  A hungry ghost (D)
  A warg (D)
  A porcupine (D)
  An ogre (D)
  4 wolves (D)
  A big kobold (D)
  5 wights (D)
  An orc priest (D)
  A jelly (D)
  An orc wizard (D)
  A gnoll shaman (D)
  An adder (D)
  An ufetubus (D)
  A giant gecko (D)
  2 orcs (D)
  A bat skeleton (D)
  2 giant cockroaches (D)
  2 quokkas (D)
  A bat (D)
  A jackal zombie (D)
  3 rats (D)
42 creatures vanquished.

Notes
Turn   | Place    | Note
--------------------------------------------------------------
     0 | D        | Kidiri the Troll Monk began the quest for the Orb.
     0 | D        | Reached XP level 1. HP: 22/22 MP: 0/0
    37 | D        | Found a sacrificial altar of Ru.
    37 | D        | Found a basalt altar of Yredelemnul.
    37 | D        | Found a shadowy altar of Dithmenos.
    37 | D        | Found a deep blue altar of Sif Muna.
    37 | D        | Found a burning altar of Makhleb.
    37 | D        | Found a shimmering altar of Xom.
    37 | D        | Found an ancient bone altar of Kikubaaqudgha.
    37 | D        | Found a sparkling altar of Nemelex Xobeh.
    38 | D        | Found a glowing golden altar of the Shining One.
    38 | D        | Found a bloodstained altar of Trog.
    38 | D        | Found a shattered altar of Ashenzari.
    38 | D        | Found a white marble altar of Elyvilon.
    38 | D        | Found a snail-covered altar of Cheibriados.
    38 | D        | Found a blossoming altar of Fedhas.
    38 | D        | Found a radiant altar of Vehumet.
    38 | D        | Found a glowing silver altar of Zin.
    38 | D        | Found a corrupted altar of Lugonu.
    38 | D        | Found a viscous altar of Jiyva.
    38 | D        | Found a roughly hewn altar of Beogh.
    38 | D        | Found an iron altar of Okawaru.
    39 | D        | Found an oddly glowing altar of Pakellas.
    44 | D        | Found a stormy altar of Qazlal.
    44 | D        | Found an opulent altar of Gozag.
    47 | D        | Became a worshipper of Qazlal Stormbringer
    47 | D        | Reached * piety under Qazlal
    47 | D        | Reached ** piety under Qazlal
    71 | D        | Reached skill level 1 in Invocations
    89 | D        | Reached *** piety under Qazlal
    89 | D        | Reached skill level 1 in Armour
    89 | D        | Reached XP level 2. HP: 24/31 MP: 0/2
   121 | D        | Reached **** piety under Qazlal
   125 | D        | Reached skill level 5 in Unarmed Combat
   125 | D        | Reached XP level 3. HP: 20/39 MP: 2/4
   136 | D        | Reached XP level 4. HP: 11/48 MP: 2/5
   335 | D        | Noticed a big kobold
   335 | D        | Noticed a porcupine
   336 | D        | Noticed a flying skull
   336 | D        | Noticed a hungry ghost
   342 | D        | Killed a hungry ghost
   342 | D        | Reached skill level 5 in Fighting
   342 | D        | Reached skill level 6 in Unarmed Combat
   342 | D        | Reached XP level 5. HP: 57/57 MP: 5/7
   354 | D        | Killed a flying skull
   354 | D        | Reached skill level 5 in Dodging
   354 | D        | Reached skill level 7 in Unarmed Combat
   354 | D        | Reached skill level 5 in Invocations
   354 | D        | Reached XP level 6. HP: 67/67 MP: 2/9
   357 | D        | Reached ***** piety under Qazlal
   359 | D        | Killed a porcupine
   362 | D        | Reached skill level 8 in Unarmed Combat
   362 | D        | Reached XP level 7. HP: 75/75 MP: 2/10
   415 | D        | Noticed a wyvern
   426 | D        | Killed a wyvern
   604 | D        | Noticed a rime drake
   607 | D        | Reached XP level 8. HP: 83/87 MP: 12/12
   611 | D        | Reached skill level 1 in Maces & Flails
   611 | D        | Reached skill level 9 in Unarmed Combat
   618 | D        | Reached ****** piety under Qazlal
   636 | D        | Killed a rime drake
   636 | D        | Reached skill level 5 in Armour
   745 | D        | Noticed a spiny frog
   745 | D        | Noticed a deep troll
   745 | D        | Killed a spiny frog
   745 | D        | Reached skill level 5 in Throwing
   748 | D        | Reached skill level 10 in Unarmed Combat
   748 | D        | Reached XP level 9. HP: 91/96 MP: 5/14
   751 | D        | Noticed a giant leech
   754 | D        | Killed a deep troll
   759 | D        | Noticed a guardian mummy
   762 | D        | Noticed a fire crab
   762 | D        | Killed a giant leech
   770 | D        | Noticed an efreet
   777 | D        | Killed a guardian mummy
   784 | D        | HP: 4/97 [fire crab (7)]
   789 | D        | Killed from afar by an efreet

Vault maps used:
D:        pitsprint

Skill      XL: |  1  2  3  4  5  6  7  8  9 |
---------------+----------------------------+-----
Invocations    | 1 2 3 4 5 6 7 8 9 |  9.2
Fighting       | 3 4 5 6 7 8 |  8.9
Armour         | 1 2 3 4 5 |  5.8
Dodging        | 3 4 5 6 7 8 |  8.9
Unarmed Combat | 5 6 7 8 10 | 10.8
Throwing       | 2 3 4 5 |  5.8
Maces & Flails | 2 3 |  3.7
Stealth        | |  1.1

Action                   |  1- 3 |  4- 6 |  7- 9 || total
-------------------------+-------+-------+-------++-------
Melee: Unarmed           |    39 |    19 |    76 ||   134
       Punch             |       |       |     6 ||     6
Throw: Tomahawk          |       |     2 |       ||     2
Invok: Upheaval          |       |     1 |     5 ||     6
       Disaster Area     |       |       |     1 ||     1
  Use: Potion            |       |     2 |     5 ||     7
       Scroll            |       |       |     1 ||     1
  Eat: Chunk             |     2 |     5 |     5 ||    12
Armor: Robe              |    20 |     5 |    24 ||    49
Dodge: Dodged            |    23 |     6 |    34 ||    63
       Deflected         |       |       |     1 ||     1
Block: Other             |     1 |     5 |    37 ||    43
